 Dungeon Crawl Stone Soup version 0.29.1-15-g9cfb28693d (webtiles) character file.

Game seed: 18066979331732100706

1667 Parcival the Conjurer (level 9, -6/61 HPs)
             Began as a Human Conjurer on Mar 13, 2023.
             Was an Initiate of Vehumet.
             Killed from afar by a steam dragon (16 damage)
             ... with a ball of steam
             ... on level 6 of the Dungeon.
             The game lasted 00:26:31 (7269 turns).

Parcival the Conjurer (Human Conjurer)              Turns: 7269, Time: 00:26:32

Health: -6/61      AC:  8    Str:  7    XL:     9   Next: 20%
Magic:  1/17       EV: 17    Int: 22    God:    Vehumet [......]
Gold:   342        SH:  0    Dex: 13    Spells: 16/19 levels left

rFire   . . .      SeeInvis .   p - +3 quarterstaff (chaos)
rCold   . . .      Faith    .   (shield currently unavailable)
rNeg    . . .      Spirit   .   a - +1 robe
rPois   .          Reflect  .   (no helmet)
rElec   .          Harm     .   q - +0 cloak
rCorr   .          Rampage  .   (no gloves)
Will    .....                   (no boots)
Stlth   +++.......              d - amulet of regeneration
HPRegen 1.00/turn               m - +4 ring of protection
MPRegen 0.15/turn               l - +4 ring of evasion

@: no status effects
A: no striking features
a: Renounce Religion


You were on level 6 of the Dungeon.
You worshipped Vehumet.
Vehumet was noncommittal.
You visited 2 branches of the dungeon, and saw 7 of its levels.
You also visited: Sewer.

You collected 342 gold pieces.

Inventory:

Hand Weapons
 f - a +0 vorpal dagger
 p - a +3 quarterstaff of chaos (weapon)
Armour
 a - a +1 robe (worn)
 g - a +0 plate armour
 q - a +0 cloak (worn)
Jewellery
 d - an amulet of regeneration (around neck)
 l - a +4 ring of evasion (right hand)
 m - a +4 ring of protection (left hand)
 r - a ring of protection from fire
Wands
 e - a wand of polymorph (11)
 t - a wand of mindburst (21)
Scrolls
 i - 2 scrolls of amnesia
 w - a scroll of butterflies {unknown}
Potions
 b - a potion of mutation {unknown}
 c - a potion of invisibility {unknown}
 h - a potion of curing {unknown}
 j - a potion of ambrosia {unknown}
 k - 2 potions of might {unknown}
 n - 4 potions of lignification {unknown}
 o - a potion of heal wounds {unknown}
 u - a potion of brilliance {unknown}
 v - a potion of haste {unknown}


   Skills:
 + Level 2.0 Fighting
 + Level 1.2 Short Blades
 + Level 3.3 Staves
 + Level 4.3 Dodging
 + Level 4.4 Stealth
 + Level 5.6 Spellcasting
 + Level 7.3 Conjurations


You had 16 spell levels left.
You knew the following spells:

 Your Spells              Type           Power      Damage    Failure   Level
a - Magic Dart            Conj           100%       1d8       1%          1
b - Searing Ray           Conj           76%        2d7       1%          2

Your spell library contained the following spells:

 Spells                   Type           Power      Damage    Failure   Level
 Dazzling Flash           Conj/Hex       44%        N/A       6%          3
 Apportation              Tloc           12%        N/A       10%         1
 Necrotise                Necr           24%        1d5       10%         1
 Summon Small Mammal      Summ           24%        N/A       10%         1
 Fulminant Prism          Conj/Hex       11%        3d9       21%         4
 Iskenderun's Mystic Bla  Conj/Tloc      22%        2d6       21%         4
 Lesser Beckoning         Tloc           6%         N/A       28%         3
 Silence                  Hex/Air        3%         N/A       95%         5
 Yara's Violent Unravell  Hex/Tmut       3%         3d4       95%         5
 Starburst                Conj/Fire      11%        6d5       97%         6
 Malign Gateway           Summ/Tloc      3%         N/A       100%        7


Dungeon Overview and Level Annotations

Branches:
Dungeon (6/15)             Temple (1/1) D:5           Sewer (visited)

Altars:
Dithmenos
Elyvilon
Fedhas
Hepliaklqana
Kikubaaqudgha
Nemelex Xobeh
Okawaru
Qazlal
Ru
Sif Muna
Trog
Uskayaw
Vehumet
Wu Jian
The Shining One

Shops:
D:4 (   D:5 :


Message History

You hear a shout!
Casting: Searing Ray (safe; 1% risk of failure)
Confirm with . or Enter, or press ? or * to list all spells.
Restarting spell: Searing Ray (safe; 1% risk of failure)
Press: ? - help, Shift-Dir - straight line, f/p - steam dragon
Aim: a steam dragon (lightly wounded, catching its breath, 81% to hit)
The searing ray hits the steam dragon but does no damage.
The steam dragon is lightly wounded. (Press . to maintain the ray.)
You are engulfed in a cloud of scalding steam.
The searing ray hits the steam dragon.
The steam dragon is moderately wounded.
You are engulfed in a cloud of scalding steam.
The steam dragon completely misses you. The steam dragon misses you.
The searing ray hits the steam dragon but does no damage.
The steam dragon is moderately wounded.
You are engulfed in a cloud of scalding steam.
The steam dragon misses you. x2
Without enough magic to sustain it, your searing ray dissipates.
You are engulfed in a cloud of scalding steam.
The steam dragon completely misses you. The steam dragon claws you.
The steam dragon breathes steam at you. The ball of steam hits you!
You hear an angry hiss.
You are engulfed in a cloud of scalding steam.
* * * LOW HITPOINT WARNING * * *
The steam dragon misses you. The steam dragon barely misses you.
You are engulfed in a cloud of scalding steam.
* * * LOW HITPOINT WARNING * * *
The steam dragon bites you.
* * * LOW HITPOINT WARNING * * *
The steam dragon barely misses you.
As you read the scroll of summoning, it crumbles to dust.
Wisps of shadow whirl around you... The steam dragon bites you.
* * * LOW HITPOINT WARNING * * *
The steam dragon claws you.
* * * LOW HITPOINT WARNING * * *
The steam dragon breathes steam at you. The ball of steam hits you!
You die...

#.. #..... #.# #.....
#.# #...~~ #
###.######## #..~)† ..
#.§........# #..~~. ...
#..........# #..~)~
#..###.§........# #...~~
#....'...K......# #.....
#.#..#.@h...K...###.....
##..§§†K#######.....#.
#......D.S.K#####.###.##
#...###.###.......# #...
#.#.#.K...#...##..######
#.# #....[#...##......##
.......)...##..###.##
#.#.....#÷..###.###.##
..#.....#.........#.##


You could see a steam dragon (catching breath, ally target), a friendly black
bear (summoned), a friendly kobold brigand (summoned), a friendly adder
(summoned) and 4 friendly kobolds.

Vanquished Creatures
  Pargi (Sewer)
  3 black bears
  4 ogres
  A centaur (D:5)
  A phantom (D:6)
  A gnoll sergeant (D:5)
  A necrophage (D:6)
  3 killer bees (D:5)
  5 hounds
  An iguana (D:6)
  Crazy Yiuf (D:2)
  Jessica (D:3)
  Natasha (twice) (D:3)
  7 adders
  8 gnolls
  3 shadow imps (D:5)
  An ufetubus (D:4)
  4 worms
  2 dart slugs
  4 orcs
  4 endoplasms
  4 giant cockroaches
  12 goblins
  9 hobgoblins
  4 jackals
  6 quokkas
  9 ball pythons
  4 bats
  5 frilled lizards
  5 kobolds
  10 rats
126 creatures vanquished.

Vanquished Creatures (others)
  2 orc wizards (D:6)
  An orc (D:6)
  A plant (D:5)
4 creatures vanquished.

Grand Total: 130 creatures vanquished

Notes
Turn   | Place    | Note
-------+----------+-------------------------------------------
     0 | D:1      | Parcival the Human Conjurer began the quest for the Orb.
     0 | D:1      | Reached XP level 1. HP: 13/13 MP: 3/3
   169 | D:1      | Got the Octavo of Vexing Wanderlust
   269 | D:1      | Reached XP level 2. HP: 19/19 MP: 1/5
   904 | D:2      | Reached XP level 3. HP: 24/24 MP: 3/6
  1148 | D:2      | Found a runed translucent door.
  1149 | D:2      | Noticed Crazy Yiuf
  1409 | D:2      | Reached skill level 5 in Conjurations
  1610 | D:2      | Reached XP level 4. HP: 30/30 MP: 1/7
  2145 | D:2      | Reached XP level 5. HP: 35/35 MP: 5/8
  2359 | D:2      | Learned a level 2 spell: Searing Ray
  2363 | D:2      | Killed Crazy Yiuf
  3250 | D:3      | Noticed Natasha
  3252 | D:3      | Killed Natasha
  3408 | D:3      | Noticed Jessica
  3415 | D:3      | Killed Jessica
  3416 | D:3      | Reached skill level 1 in Short Blades
  3416 | D:3      | Reached XP level 6. HP: 42/42 MP: 2/10
  3482 | D:3      | Noticed Natasha
  3488 | D:3      | Killed Natasha
  4004 | D:3      | Found a faded altar of an unknown god.
  4466 | D:4      | Noticed a black bear
  4475 | D:4      | Killed a black bear
  4476 | D:4      | Reached skill level 6 in Conjurations
  4476 | D:4      | Reached XP level 7. HP: 41/47 MP: 2/12
  4651 | D:4      | Found Zeokh's Weapon Shoppe.
  5037 | D:4      | Found a glowing golden altar of the Shining One.
  5256 | D:5      | Entered Level 5 of the Dungeon
  5256 | D:5      | Found a transporter.
  5290 | D:5      | Found Puull's Self-Improvement Boutique.
  5551 | D:5      | Found a staircase to the Ecumenical Temple.
  5580 | D:5      | Found a transporter.
  5588 | D:5      | Reached skill level 1 in Staves
  5595 | D:5      | Reached XP level 8. HP: 44/53 MP: 4/14
  5605 | D:5      | Reached skill level 1 in Fighting
  5737 | D:5      | HP: 2/54 [ogre/+0 giant club (21)]
  5751 | D:5      | Reached skill level 5 in Spellcasting
  5871 | D:5      | Found a hide-covered altar of Uskayaw.
  5920 | D:5      | Found an ornate altar of the Wu Jian Council.
  6013 | D:5      | Found a sparkling altar of Nemelex Xobeh.
  6233 | D:5      | Reached skill level 7 in Conjurations
  6733 | Temple   | Entered the Ecumenical Temple
  6768 | Temple   | Became a worshipper of Vehumet
  6872 | D:6      | Found a glowing drain.
  6876 | Sewer    | Entered a sewer
  6953 | Sewer    | Noticed Pargi
  6970 | Sewer    | Killed Pargi
  6971 | Sewer    | Reached XP level 9. HP: 44/60 MP: 9/17
  7269 | D:6      | Killed from afar by a steam dragon

Illustrated notes

Levels and vault maps discovered:
D:1:      minmay_arrival_wavy_path, layout_rooms, minmay_misc_feat_room
D:2:      minmay_inner_zag, layout_loops_corners, uniq_crazy_yiuf_cottage
D:3:      minmay_chambers_of_twos, layout_basic,
          chequers_ecumenical_altar_island, kennysheep_minor_cross,
          uniq_natasha, uniq_jessica
D:4:      layout_rooms, tso_altar, serial_shops, kennysheep_mini_moat
D:5:      gammafunk_wand_slinger, layout_loops_ring,
          nemelex_diamond_rough_becter, general_overflow_altar,
          mainiacjoe_overflow_surrounded_room, minmay_temple_entry_glassed_door,
          nicolae_shop_self_help
D:6:      lemuel_slime, layout_basic, portal_sewer_entry_a,
          minmay_chambers_of_fives
Temple:   minmay_freezing_vapour_temple

Skill      XL: |  1  2  3  4  5  6  7  8  9 |
---------------+----------------------------+-----
Conjurations   | 5 6 7 |  7.3
Spellcasting   | 3 4 5 |  5.6
Short Blades   | 1 |  1.2
Stealth        | 3 4 |  4.4
Dodging        | 3 4 |  4.3
Staves         | 1 2 3 |  3.3
Fighting       | 1 2 |  2.0

Action                   |  1- 3 |  4- 6 |  7- 9 || total
-------------------------+-------+-------+-------++-------
Melee: Unarmed           |     2 |       |       ||     2
       Dagger            |    42 |     7 |       ||    49
       Punch             |     1 |       |       ||     1
       Quarterstaff      |       |       |    61 ||    61
 Cast: Magic Dart        |    53 |    23 |       ||    76
       Searing Ray       |       |    40 |    61 ||   101
  Use: Scroll            |     3 |     4 |     6 ||    13
       Potion            |       |     1 |       ||     1
 Stab: Sleeping          |       |       |     3 ||     3
Armor: Plate armour      |    16 |       |       ||    16
       Robe              |    11 |    10 |    59 ||    80
Dodge: Dodged            |    15 |    24 |   155 ||   194
